 Dungeon Crawl Stone Soup version 0.28.0-45-g0d030f2227 (webtiles) character file.

Game seed: 15177144829767543456

80355 CryoSword the Devastator (level 14, -10/103 (114) HPs)
             Began as a Demigod Conjurer on Apr 24, 2022.
             Killed from afar by a tengu conjurer (21 damage)
             ... with a bolt of lightning
             ... led by a tengu conjurer
             ... on level 14 of the Dungeon.
             The game lasted 01:36:50 (40700 turns).

CryoSword the Devastator (Demigod Conjurer)        Turns: 40700, Time: 01:36:51

HP:   -10/103 (114) AC: 26    Str: 16    XL:     14   Next: 83%
MP:   4/28          EV: 10    Int: 28    God:
Gold: 1681          SH: 11    Dex: 12    Spells: 9/27 levels left

rFire   . . .      SeeInvis .   w - staff of conjuration
rCold   . . .      Faith    .   k - +0 kite shield
rNeg    . . .      Spirit   .   C - +5 ring mail "Mifunn" {Will++}
rPois   .          Reflect  .   D - +1 helmet
rElec   .          Harm     .   y - scarf {repulsion}
rCorr   .          Rampage  .   o - +2 pair of gloves
Will    +++..                   H - +1 pair of boots {Stlth+}
Stlth   +++.......              (no amulet)
HPRegen 0.27/turn               q - +4 ring of protection
MPRegen 0.21/turn               m - +4 ring of protection {=R}

@: drained, repel missiles
A: high MP 1, forlorn, divine attributes
a: no special abilities


You were on level 14 of the Dungeon.
You visited 3 branches of the dungeon, and saw 22 of its levels.
You also visited: Sewer.

You collected 2047 gold pieces.
You spent 366 gold pieces at shops.

Inventory:

Hand Weapons
 a - a +2 flail of holy wrath
   (You took it off an orc on level 8 of the Dungeon)
Missiles
 g - 56 poisoned darts
 l - 22 boomerangs
 s - 2 throwing nets
 J - 2 curare-tipped darts (quivered)
Armour
 k - a +0 kite shield (worn)
   (You found it on level 8 of the Dungeon)
 o - a +2 pair of gloves (worn)
   (You found it on level 2 of the Dungeon)
 y - a scarf of repulsion (worn)
   (You found it on level 1 of the Lair of Beasts)
 C - the +5 ring mail "Mifunn" (worn) {Will++}
   (You found it on level 6 of the Dungeon)

   Will:      It greatly increases your willpower.
 D - a +1 helmet (worn)
   (You found it on level 6 of the Dungeon)
 H - a +1 pair of boots of stealth (worn)
   (You bought it in a shop on level 9 of the Dungeon)
Magical Staves
 w - a staff of conjuration (weapon)
   (You acquired it on level 2 of the Lair of Beasts)
Jewellery
 d - a ring of protection from fire
   (You found it on level 6 of the Lair of Beasts)
 m - a +4 ring of protection (right hand) {=R}
   (You found it on level 6 of the Lair of Beasts)
 q - a +4 ring of protection (left hand)
   (You found it on level 3 of the Dungeon)
 F - a ring of willpower
   (You found it on level 7 of the Dungeon)
 I - a ring of ice
   (You found it on level 5 of the Dungeon)
 L - a ring of see invisible
   (You found it on level 3 of the Lair of Beasts)
Wands
 h - a wand of acid (8)
   (You found it on level 10 of the Dungeon)
 n - a wand of digging (7)
   (You found it on level 2 of the Lair of Beasts)
 A - a wand of flame (71)
   (You found it on level 6 of the Dungeon)
 K - a wand of iceblast (13)
   (You found it on level 9 of the Dungeon)
Scrolls
 b - 7 scrolls of teleportation {@r4}
 c - 3 scrolls of holy word
 f - 4 scrolls of blinking
 p - 3 scrolls of fear
 x - a scroll of summoning
 B - 2 scrolls of magic mapping
 E - 6 scrolls of fog
 N - 5 scrolls of identify {@r1}
Potions
 e - 5 potions of might
 i - 5 potions of brilliance
 j - 2 potions of resistance
 r - 4 potions of cancellation
 t - 6 potions of flight
 u - 10 potions of curing {@q1}
 v - a potion of heal wounds {@q2}
 z - a potion of haste {@q3}
 G - 4 potions of mutation {!q}
 M - 3 potions of berserk rage
 O - 3 potions of lignification {!q}


   Skills:
 + Level 7.6 Fighting
 * Level 8.0 Staves
 + Level 3.6 Armour
 + Level 3.0 Dodging
 - Level 5.0 Stealth
 - Level 11.0 Shields
 - Level 7.0 Spellcasting
 * Level 15.1 Conjurations
 - Level 7.0 Hexes
 - Level 5.0 Translocations
 - Level 5.0 Evocations


You had 9 spell levels left.
You knew the following spells:

 Your Spells              Type           Power      Damage    Failure   Level
a - Magic Dart            Conj           100%       1d8       1%          1
b - Searing Ray           Conj           100%       2d8       1%          2
c - Dazzling Flash        Conj/Hex       100%       N/A       1%          3
d - Fulminant Prism       Conj/Hex       41%        3d20      2%          4
e - Iskenderun's Mystic   Conj/Tloc      78%        2d16      3%          4
A - Apportation           Tloc           74%        N/A       2%          1
T - Confusing Touch       Hex            49%        N/A       3%          3

Your spell library contained the following spells:

 Spells                   Type           Power      Damage    Failure   Level
 Foxfire                  Conj/Fire      100%       2x1d9     1%          1
 Static Discharge         Conj/Air       67%        N/A       1%          2
 Conjure Flame            Conj/Fire      67%        6-21      3%          3
 Flame Wave               Conj/Fire      67%        2d12      10%         4
 Sticky Flame             Conj/Fire      67%        2d8       10%         4
 Inner Flame              Hex/Fire       29%        N/A       16%         3
 Animate Skeleton         Necr           18%        N/A       22%         1
 Summon Small Mammal      Summ           36%        N/A       22%         1
 Ozocubu's Armour         Ice            9%         N/A       54%         3
 Metabolic Englaciation   Hex/Ice        14%        N/A       80%         5
 Yara's Violent Unravell  Hex/Tmut       14%        3d7       80%         5
 Conjure Ball Lightning   Conj/Air       33%        3x3d11    83%         6
 Dispel Undead            Necr           9%         3d8       91%         4
 Alistair's Intoxication  Tmut/Pois      6%         N/A       99%         5
 Borgnjor's Vile Clutch   Necr/Erth      4%         N/A       99%         5
 Eringya's Noxious Bog    Tmut/Pois      4%         N/A       100%        6
 Simulacrum               Ice/Necr       4%         N/A       100%        6
 Enfeeble                 Hex            24%        N/A       100%        7
 Discord                  Hex            24%        N/A       100%        8
 Disjunction              Tloc           18%        N/A       100%        8


Dungeon Overview and Level Annotations

Branches:
Dungeon (15/15)            Temple (1/1) D:4            Lair (6/6) D:9
  Swamp (0/4) Lair:3        Snake (0/4) Lair:2        Slime (0/5) Lair:5
    Orc (0/2) D:11         Vaults (0/5) D:13          Sewer (visited)
 Depths: D:15

Shops:
D:2 *   D:7 [   D:9 [

Portals:
Trove: D:14 (give 2 scrolls of acquirement)

Annotations:
D:13 Azrael


Innate Abilities, Weirdness & Mutations

You have an increased reservoir of magic. (+10% MP)
You shall have no god before yourself.
Your divine heritage dramatically boosts your attributes as you level up.


Message History

There is a stone staircase leading up here.
A basilisk comes into view.
A centaur warrior comes into view.
You block the freezing wraith's attack. x2
You climb upwards.
There is a stone staircase leading down here.
You feel a surge of power!
You erupt in a blast of force!
The mystic blast hits the freezing wraith but does no damage.
You block the freezing wraith's attack. The freezing wraith closely misses you.
You feel a surge of power!
You erupt in a blast of force!
The mystic blast hits the freezing wraith!
The freezing wraith is knocked back by the mystic blast.
You feel a surge of power!
You erupt in a blast of force!
The mystic blast hits the freezing wraith.
The freezing wraith is knocked back by the mystic blast.
You feel a surge of power!
You miscast Iskenderun's Mystic Blast.
You are very lightly contaminated with residual magic.
Nothing appears to happen.
You block the freezing wraith's attack. The freezing wraith hits you.
The freezing wraith drains your vigour!
You feel yourself slow down.
You hit the freezing wraith but do no damage.
The freezing wraith closely misses you.
The freezing wraith hits you but does no damage.
You block the freezing wraith's attack. The freezing wraith hits you.
The freezing wraith drains your vigour!
You feel as though you will be slow longer.
You hit the freezing wraith.
You block the freezing wraith's attack. x2
You hit the freezing wraith but do no damage.
You blast the freezing wraith!
You destroy the freezing wraith!
Your magical contamination has completely faded away.
You see here 3 stones.
There is an open door, spattered with blood here.
You feel yourself speed up.
There is a stone staircase leading down here.
You start resting.
You start waiting.
A tengu conjurer comes into view.
Unknown command.
Aim: a tengu conjurer (wandering, hasn't noticed you, 68% to hit)
You feel a surge of power!
The searing ray misses the tengu conjurer. (Press . to maintain the ray.)
The tengu conjurer shouts!
You block the tengu conjurer's attack. The tengu conjurer barely misses you.
The tengu conjurer closely misses you.
You hit the tengu conjurer.
The tengu conjurer gestures wildly while chanting.
The tengu conjurer conjures a globe of magical energy!
A battlesphere comes into view.
You miss the tengu conjurer. You block the tengu conjurer's attack.
The tengu conjurer barely misses you. The tengu conjurer closely misses you.
You hit the tengu conjurer.
You blast the tengu conjurer!!
The tengu conjurer gestures wildly while chanting.
The tengu conjurer blinks!
The tengu conjurer barely misses you. You block the tengu conjurer's attack.
The tengu conjurer barely misses you.
You miss the tengu conjurer. The tengu conjurer closely misses you.
You block the tengu conjurer's attack.
The tengu conjurer claws you but does no damage.
You hit the tengu conjurer.
You blast the tengu conjurer!
You kill the tengu conjurer!
The battlesphere dissipates.
Your Dodging skill increases to level 3!
No target in view!
No target in view!
You now have 1681 gold pieces (gained 59).
You see here a tengu corpse.
There is a stone staircase leading down here.
You climb downwards.
There is a stone staircase leading up here.
Aim: a basilisk
Okay, then.
You feel a surge of power!
You erupt in a blast of force!
You feel a surge of power!
You conjure a prism of explosive energy!
A fulminant prism comes into view.
You feel a surge of power!
You conjure a prism of explosive energy!
A fulminant prism comes into view.
The basilisk bites you.
Your fulminant prism crackles loudly.
You barely miss the basilisk.
The centaur warrior wields a +0 shortbow.
The centaur warrior shoots an arrow.
The arrow barely misses you.
The basilisk bites you but does no damage.
You hit the basilisk.
You blast the basilisk!
Your fulminant prism crackles loudly.
The blast of energy engulfs the skeletal warrior!!
The blast of energy engulfs the basilisk!!!
You kill the basilisk!
The boulder beetle curls into a ball and begins rolling!
The centaur warrior shoots an arrow.
You block the arrow.
You hear a shout!
You feel a surge of power!
You conjure a prism of explosive energy!
A fulminant prism comes into view.
The centaur warrior shoots an arrow.
The arrow hits you!!
The boulder beetle hits your fulminant prism!!
The boulder beetle stops rolling and uncurls.
The centaur warrior shoots an arrow.
The arrow hits you!
You hear a shout!
The centaur warrior shoots an arrow.
The arrow closely misses you.
You block the skeletal warrior's attack.
You climb upwards.
There is a stone staircase leading down here.
You feel a surge of power!
You erupt in a blast of force!
The mystic blast hits the skeletal warrior!!
The skeletal warrior is knocked back by the mystic blast.
The skeletal warrior slams into the rock wall!
You feel a surge of power!
You erupt in a blast of force!
The mystic blast hits the skeletal warrior but does no damage.
The skeletal warrior hits you with a +1 hand axe of draining.
You feel drained.
You feel a surge of power!
You erupt in a blast of force!
The mystic blast hits the skeletal warrior!
The skeletal warrior is knocked back by the mystic blast.
The skeletal warrior slams into the rock wall!
The skeletal warrior hits you with a +1 hand axe of draining!
You feel drained.
* * * LOW HITPOINT WARNING * * *
You hit the skeletal warrior but do no damage.
You blast the skeletal warrior!
You hit the skeletal warrior but do no damage.
The skeletal warrior hits you with a +1 hand axe of draining!
* * * LOW HITPOINT WARNING * * *
You feel drained.
* * * LOW HITPOINT WARNING * * *
You block the skeletal warrior's attack.
A tengu conjurer comes into view.
The tengu conjurer shouts!
The tengu conjurer gestures at you while chanting.
The bolt of lightning hits you!!
* * * LOW HITPOINT WARNING * * *
You see here a tengu corpse.
You miss the tengu conjurer.
The skeletal warrior hits you with a +1 hand axe of draining!
* * * LOW HITPOINT WARNING * * *
You feel drained.
* * * LOW HITPOINT WARNING * * *
The tengu conjurer hits you.
* * * LOW HITPOINT WARNING * * *
The tengu conjurer misses you. The tengu conjurer barely misses you.
Okay, then.
Blink to where?
As you read the scroll of blinking, it crumbles to dust.
The tengu conjurer gestures at you while chanting.
The bolt of lightning hits you!!
You die...

...............##....####..# #..
...........)...##..........# #..
...###'#.).................####..
..)#...#()....#####..(...........
#'##...#......#...###############
.......#.....[#..................
.).....#.....('..................
.......#.....)#..................
.......#.>....#.@................
########......###.##.##..##.##...
..###############.##.##..##.##...
#.#............'.................
..#............#.................
..#............#.................
..########.....#.................
.........#.....#....Qz...........
...####..########................


You could see a skeletal warrior and a tengu conjurer.

Vanquished Creatures
  Nessos (D:12)
  A fire dragon (Lair:2)
  An ice dragon (Lair:6)
  7 hydras
  3 boulder beetles
  5 centaur warriors
  3 two-headed ogres
  3 death yaks (Lair:6)
  A death knight (D:14)
  2 tengu warriors
  The ghost of McKennaii the Summoner, a novice DgSu (D:8)
  Urug (D:13)
  A skeletal warrior (D:14)
  A wizard (D:13)
  A lindwurm (Lair:6)
  2 phantasmal warriors (D:14)
  A wolf spider (Lair:6)
  8 ugly things
  4 manticores
  An oklob plant (Lair:5)
  A moth of wrath (D:8)
  4 cyclopes
  18 elephants
  The ghost of Sheol the Skirmisher, a novice MiFi of Cheibriados (D:4)
  A guardian serpent (Lair:6)
  12 black mambas
  4 orange demons (D:12)
  15 cane toads
  6 torpor snails
  2 rime drakes
  2 kobold demonologists
  4 komodo dragons
  Psyche (D:12)
  2 freezing wraiths (D:14)
  3 tengu conjurers
  An efreet (D:14)
  2 guardian mummies (D:14)
  10 hornets (Lair:6)
  2 queen bees (shapeshifter) (D:15)
  A troll (D:11)
  3 polar bears
  7 slime creatures
  3 tyrant leeches (Lair:6)
  3 dream sheep (Lair:5)
  2 shadows
  47 yaks
  A vampire (D:12)
  5 basilisks
  A fire elemental (D:13)
  4 hogs (D:13)
  18 wyverns
  4 vampire mosquitoes (D:14)
  A redback (Lair:6)
  4 nagas (Lair:2)
  An acid dragon (D:11)
  2 hell hounds (D:13)
  27 water moccasins
  2 ice beasts
  A swamp drake (D:11)
  2 sky beasts
  13 orc warriors
  A black bear (D:9)
  3 ogres
  3 wolves (Lair:6)
  21 centaurs
  3 phantoms
  4 kobold brigands
  2 gnoll sergeants
  18 bullfrogs
  12 scorpions
  4 killer bees (D:8)
  12 wights
  An electric eel (Lair:1)
  3 howler monkeys (D:10)
  6 centaur zombies
  2 bullfrog zombies
  7 orc priests
  4 hounds
  A centaur skeleton (D:7)
  A gnoll shaman (D:7)
  15 jellies
  6 iguanas
  Ijyb (D:4)
  15 orc wizards
  A hound skeleton (D:5)
  A howler monkey zombie (D:9)
  12 gnolls
  7 adders
  4 river rats
  2 shadow imps
  A white imp (D:8)
  7 worms
  2 dart slugs (D:1)
  52 orcs
  4 ball pythons
  9 endoplasms
  4 giant cockroaches
  5 goblins
  7 hobgoblins
  2 jackals (Sewer)
  2 quokkas
  4 bats
  2 frilled lizards
  22 kobolds
  12 rats
  A butterfly (Lair:5)
  A fire vortex (Lair:4)
  5 fulminant prisms
605 creatures vanquished.

Vanquished Creatures (collateral kills)
  A deep elf pyromancer (D:9)
1 creature vanquished.

Vanquished Creatures (others)
  Kirke (D:13)
  2 slime creatures (D:13)
  325 fulminant prisms
  87 fungi
  135 plants
550 creatures vanquished.

Grand Total: 1156 creatures vanquished

Notes
Turn   | Place    | Note
-------+----------+-------------------------------------------
     0 | D:1      | CryoSword the Demigod Conjurer began the quest for the Orb.
     0 | D:1      | Reached XP level 1. HP: 14/14 MP: 5/5
   318 | D:1      | Reached skill level 4 in Conjurations
   728 | D:1      | Reached XP level 2. HP: 20/20 MP: 5/7
  1239 | D:1      | Learned a level 2 spell: Searing Ray
  1241 | D:1      | Learned a level 1 spell: Apportation
  1632 | D:2      | Found Liong's General Store.
  1640 | D:2      | Bought a potion of heal wounds for 60 gold pieces
  1797 | D:2      | Reached XP level 3. HP: 26/26 MP: 4/8
  2532 | D:3      | Reached skill level 5 in Conjurations
  2893 | D:3      | Reached XP level 4. HP: 24/33 MP: 2/9
  3585 | D:4      | Noticed Ijyb
  3650 | D:4      | Killed Ijyb
  3855 | D:4      | Found a runed translucent door.
  3872 | D:4      | Found a runed translucent door.
  3873 | D:4      | Noticed Sheol's ghost (novice MiFi)
  3873 | D:4      | Noticed a bullfrog
  3903 | D:4      | Found a staircase to the Ecumenical Temple.
  3915 | Temple   | Entered the Ecumenical Temple
  4177 | D:4      | Reached XP level 5. HP: 38/38 MP: 7/10
  4480 | D:5      | Entered Level 5 of the Dungeon
  4486 | D:5      | Reached skill level 6 in Conjurations
  4580 | D:5      | Learned a level 3 spell: Dazzling Flash
  4631 | D:5      | Reached skill level 1 in Armour
  4675 | D:5      | HP: 1/38 [bullfrog zombie (1)]
  4677 | D:5      | Reached XP level 6. HP: 2/45 MP: 0/12
  4977 | D:5      | Found a glowing drain.
  4989 | Sewer    | Entered a sewer
  5192 | Sewer    | Reached skill level 7 in Conjurations
  5524 | D:5      | Reached XP level 7. HP: 50/50 MP: 6/14
  5618 | D:5      | Learned a level 4 spell: Fulminant Prism
  5978 | D:5      | Reached skill level 1 in Hexes
  6093 | D:5      | Reached skill level 1 in Fighting
  6556 | D:6      | Reached XP level 8. HP: 60/60 MP: 11/16
  6629 | D:6      | Reached skill level 8 in Conjurations
  6795 | D:6      | Identified the +5 ring mail "Mifunn" {Will++}
  8132 | D:6      | Reached skill level 9 in Conjurations
  8462 | D:7      | Reached XP level 9. HP: 70/70 MP: 13/19
  8737 | D:7      | Found Kossox's Armour Boutique.
  9196 | D:7      | Reached skill level 5 in Spellcasting
  9953 | D:7      | Reached skill level 10 in Conjurations
 10295 | D:7      | Reached skill level 1 in Shields
 11455 | D:8      | Reached XP level 10. HP: 58/80 MP: 14/22
 11612 | D:8      | Found a transporter.
 11612 | D:8      | Found a transporter.
 11649 | D:8      | Noticed a two-headed ogre
 11662 | D:8      | Noticed McKennaii's ghost (novice DgSu)
 11675 | D:8      | Noticed a moth of wrath
 12246 | D:9      | Reached skill level 5 in Shields
 12267 | D:9      | Reached skill level 5 in Hexes
 12496 | D:9      | Found Teneruato's Antique Armour Boutique.
 12587 | D:9      | Bought a pair of runed boots for 210 gold pieces
 12680 | D:9      | Noticed a tengu warrior
 12682 | D:9      | Noticed a deep elf pyromancer
 12683 | D:9      | Noticed a white ugly thing
 12722 | D:9      | Killed a tengu warrior
 12738 | D:9      | Killed a deep elf pyromancer
 13095 | D:9      | Killed a white ugly thing
 13322 | D:9      | Identified the +1 quarterstaff of the Turnip {vorpal,
                  | Str+5}
 13897 | D:9      | Found a staircase to the Lair.
 14070 | D:10     | Entered Level 10 of the Dungeon
 14511 | D:2      | Bought a potion of brilliance for 48 gold pieces
 14511 | D:2      | Bought a potion of might for 48 gold pieces
 14691 | D:10     | Noticed a cyclops
 14704 | D:10     | Killed a cyclops
 14705 | D:10     | Reached XP level 11. HP: 66/85 MP: 9/23
 14913 | D:10     | Reached skill level 11 in Conjurations
 16234 | D:11     | Noticed a two-headed ogre
 16353 | D:11     | Killed a two-headed ogre
 16773 | D:11     | Noticed a six-headed hydra
 16795 | D:11     | Killed a six-headed hydra
 17107 | D:11     | Identified the +0 ring mail of Hadjma {Dex+2}
 17423 | D:11     | Found a staircase to the Orcish Mines.
 17688 | D:11     | Learned a level 3 spell: Confusing Touch
 17729 | Lair:1   | Entered Level 1 of the Lair of Beasts
 17987 | Lair:1   | Noticed a four-headed hydra
 18105 | D:9      | Reached skill level 12 in Conjurations
 18311 | D:9      | Killed a four-headed hydra
 19092 | Lair:2   | Noticed a five-headed hydra
 19499 | Lair:2   | Killed a five-headed hydra
 19748 | Lair:2   | Reached XP level 12. HP: 58/92 MP: 4/24
 20026 | Lair:2   | Found a staircase to the Snake Pit.
 20307 | Lair:2   | Noticed a fire dragon
 20318 | Lair:2   | Killed a fire dragon
 20472 | Lair:2   | Identified a scroll of acquirement
 20474 | Lair:2   | Acquired a staff of conjuration
 20895 | Lair:3   | Reached skill level 1 in Translocations
 21184 | Lair:3   | Reached skill level 5 in Fighting
 21184 | Lair:3   | Reached skill level 1 in Staves
 21184 | Lair:3   | Reached skill level 1 in Evocations
 21400 | Lair:3   | Reached skill level 13 in Conjurations
 21714 | Lair:3   | Noticed a seven-headed hydra
 22089 | Lair:3   | Killed a seven-headed hydra
 22442 | Lair:3   | Found a staircase to the Swamp.
 23726 | Lair:4   | Noticed a seven-headed hydra
 23737 | Lair:4   | Killed a seven-headed hydra
 23738 | Lair:4   | Reached skill level 10 in Shields
 26206 | Lair:5   | Reached XP level 13. HP: 82/102 MP: 6/26
 27159 | Lair:5   | Found a staircase to the Slime Pits.
 27526 | Lair:6   | Entered Level 6 of the Lair of Beasts
 30075 | Lair:6   | Reached skill level 5 in Staves
 30521 | Lair:6   | Reached skill level 14 in Conjurations
 31234 | Lair:6   | Found a runed translucent door.
 31294 | Lair:6   | Paralysed by a hornet for 2 turns
 31724 | Lair:6   | Learned a level 4 spell: Iskenderun's Mystic Blast
 31823 | Lair:6   | Reached skill level 5 in Stealth
 33255 | D:4      | Killed Sheol's ghost
 33499 | D:8      | Killed McKennaii's ghost
 33739 | D:12     | Reached XP level 14. HP: 111/111 MP: 17/28
 33959 | D:12     | Noticed Psyche
 33966 | D:12     | Killed Psyche
 33971 | D:12     | Noticed Nessos
 33987 | D:12     | Killed Nessos
 36603 | D:13     | Noticed Urug
 36616 | D:13     | Killed Urug
 36809 | D:13     | Noticed Kirke
 37150 | D:13     | Found a gate to the Vaults.
 37311 | D:13     | Noticed Azrael
 37316 | D:13     | Reached skill level 5 in Evocations
 37649 | D:13     | Killed Kirke
 37650 | D:13     | Reached skill level 5 in Translocations
 39069 | D:14     | Found a portal to a secret trove of treasure.
 39556 | D:14     | Reached skill level 15 in Conjurations
 40495 | D:15     | Entered Level 15 of the Dungeon
 40700 | D:14     | Killed from afar by a tengu conjurer

Illustrated notes

Levels and vault maps discovered:
D:1:      minmay_arrival_shoal_huts, layout_basic
D:2:      layout_loops_corners, serial_shops, shop, basic_altar
D:3:      layout_loops_ring, glass_columns_a, skrybe_limestone_x,
          dk_noncrumbling_3, serial_bayou_crossing
D:4:      layout_gridville, nicolae_hepliaklqana_hippocampus, temple_hall,
          ebering_ghost_sewer_f, kennysheep_generic_room_3, uniq_ijyb
D:5:      layout_rooms, grunt_dithmenos_shadows, lemuel_round_altar,
          grunt_qazlal_clouds, lightli_sewer_entry_pipes,
          minmay_misc_feat_nine_boxes
D:6:      minmay_bubble_buster, layout_basic, trog_butcher_becter,
          grunt_decor_fettered
D:7:      layout_basic, mainiacjoe_overflow_chevrons, serial_shops,
          nicolae_shop_hallway_stairs, minmay_fractal_squares_gapless_5
D:8:      layout_cave_pools, cheibrodos_worm_habitat, zin_statuary,
          serial_column_ruins, column_ruins_hut_pillars, column_ruins_grid_1,
          column_ruins_corridor_dead_end, column_ruins_columns_dead_end,
          column_ruins_grid_1, column_ruins_open_small,
          gammafunk_ghost_wrathful_warriors
D:9:      layout_irregular_city, grunt_lair_entry_orc_guard_hut,
          minmay_shop_grid_forest, minmay_radiant
D:10:     layout_roguey, serial_aquarium, aquarium_bridge_straight
          [aquarium_subvault_bridge, aquarium_subvault_wall,
          aquarium_subvault_bridge, aquarium_subvault_wall],
          aquarium_bridge_island_small [aquarium_subvault_small_open,
          aquarium_subvault_bridge, aquarium_subvault_bridge,
          aquarium_subvault_window, aquarium_subvault_bridge],
          aquarium_window_2, aquarium_window_corridor_1, aquarium_window_1,
          aquarium_view_2c, aquarium_view_2a, aquarium_pool_corner
D:11:     layout_cave_pools, erik_orc_1, serial_park, serial_park_square1
          [serial_park_minivault_5x5_8], serial_park_tiny_1,
          serial_park_avenue1, serial_park_tiny_1, serial_park_tiny_1
D:12:     layout_basic, einodemon_barbed_minivault, uniq_psyche, uniq_nessos
D:13:     layout_roguey, david_vaults_1, uniq_kirke, uniq_urug, uniq_azrael
D:14:     layout_stronghold, nicolae_trove_entry_path_of_doom,
          fedhas_altar_fruit_tree
D:15:     grunt_enter_depths_snipers, layout_long_grid,
          nicolae_uskayaw_dance_hall, nicolae_elyvilon_peaceful_grove,
          uniq_roxanne
Temple:   zaba_magenta_temple
Lair:1:   layout_misc_corridors, serial_bayou_shore_a
Lair:2:   dragon1_lemuel, layout_regular_city,
          minmay_snake_entry_guardpost_small, chequers_serial_rivers_micro_d
Lair:3:   layout_small_grid, swamp_mist, basic_altar
Lair:4:   layout_gridlike
Lair:5:   dpeg_oklob_gauntlet, layout_long_grid, minmay_slime_entry_jelly_boxes,
          lemuel_fruit_fields
Lair:6:   wormcave, layout_cave_pods, hangedman_lair_tendril_chambers

Skill      XL: |  1  2  3  4  5  6  7  8  9 10 11 12 13 14 |
---------------+-------------------------------------------+-----
Conjurations   | 4 5 6 7 9 10 12 13 14 15 | 15.1
Spellcasting   | 2 3 4 5 6 7 |  7.0
Armour         | 1 2 3 |  3.6
Hexes          | 1 3 4 6 7 |  7.0
Fighting       | 1 3 4 5 6 7 |  7.6
Shields        | 3 6 9 10 11 | 11.0
Stealth        | 3 5 |  5.0
Translocations | 2 4 5 |  5.0
Staves         | 3 5 8 |  8.0
Evocations     | 2 4 5 |  5.0
Dodging        | 3 |  3.0

Action                   |  1- 3 |  4- 6 |  7- 9 | 10-12 | 13-15 || total
-------------------------+-------+-------+-------+-------+-------++-------
Melee: Unarmed           |     7 |    16 |       |       |       ||    23
       Short sword       |     7 |    72 |    47 |    20 |       ||   146
       Punch             |       |     1 |     1 |       |       ||     2
       Whip              |       |       |       |    80 |       ||    80
       Staff             |       |       |       |    83 |   341 ||   424
 Cast: Magic Dart        |    69 |    34 |    12 |    18 |     8 ||   141
       Searing Ray       |    12 |    31 |   107 |   165 |    21 ||   336
       Fulminant Prism   |       |       |     5 |   107 |   218 ||   330
       Dazzling Flash    |       |       |     1 |    20 |     4 ||    25
       Iskenderun's Myst |       |       |       |       |   118 ||   118
  Use: Scroll            |       |     8 |     7 |    13 |     7 ||    35
       Potion            |       |     2 |     1 |     2 |     3 ||     8
 Stab: Invisible         |       |       |       |     2 |     3 ||     5
       Sleeping          |       |       |       |       |     2 ||     2
Armor: Robe              |     8 |    11 |       |       |       ||    19
       Fire dragon scale |       |    67 |    33 |       |       ||   100
       Ring mail         |       |       |   150 |   397 |   298 ||   845
Dodge: Dodged            |    16 |    71 |   121 |   226 |   198 ||   632
       Repelled          |       |       |       |       |     4 ||     4
Block: Kite shield       |       |       |    59 |   327 |   329 ||   715
